 Dungeon Crawl Stone Soup version 0.20-a0-463-g5747544 (webtiles) character file.

92 AlphabetPasta the Skirmisher (level 4, -3/35 HPs)
             Began as a Mummy Chaos Knight on Jan 10, 2017.
             Killed by divine providence
             ... invoked by an orc priest
              (12 damage)
             ... on level 3 of the Dungeon.
             The game lasted 00:06:28 (1889 turns).

AlphabetPasta the Skirmisher (Mummy Chaos Knight)   Turns: 1889, Time: 00:06:30

Health: -3/35      AC: 12    Str: 15    XL:     4   Next: 35%
Magic:  4/4        EV:  4    Int: 11    God:    Xom [..*...]
Gold:   923        SH:  0    Dex: 12    Spells: 3/3 levels left

rFire  x . .     SeeInvis .     a - +0 hand axe (chaos)
rCold  + . .     Gourm    .     e - +0 plate armour
rNeg   + + +     Faith    .     (no shield)
rPois  ∞         Spirit   .     (no helmet)
rElec  .         Reflect  .     h - +0 cloak
rCorr  .         Harm     .     (no gloves)
MR     .....                    (no boots)
Stlth  ..........               (no amulet)
                                (no ring)
                                (no ring)

@: no status effects
A: no food or potions, fire vulnerability, cold resistance 1, negative energy
resistance 3, torment resistance, unbreathing
a: Renounce Religion


You were on level 3 of the Dungeon.
You worshipped Xom.
You were a toy of Xom.
You were not hungry.

You visited 1 branch of the dungeon, and saw 3 of its levels.

You collected 923 gold pieces.

Inventory:

Hand Weapons
 a - a +0 hand axe of chaos (weapon)
Missiles
 d - 75 bolts
Armour
 b - a +2 leather armour
 e - a +0 plate armour (worn)
 h - a +0 cloak (worn)
Jewellery
 c - a +2 ring of intelligence
 f - an uncursed ring of resist corrosion {unknown}
Scrolls
 g - a scroll of identify


   Skills:
 + Level 3.5 Fighting
 * Level 3.4 Axes
 + Level 2.1 Armour
 + Level 1.4 Dodging


You had 3 spell levels left.
You didn't know any spells.

Dungeon Overview and Level Annotations

Branches:
Dungeon (3/15)

Altars:
Vehumet
Zin


Innate Abilities, Weirdness & Mutations

You do not eat or drink.
Your flesh is vulnerable to fire.
You are immune to poison.
Your flesh is cold resistant. (rC+)
You are immune to negative energy. (rN+++)
You are immune to unholy pain and torment.
You can survive without breathing.


Message History

Beogh smites you! The orc priest hits you. The orc hits you but does no damage.
You hit the orc priest but do no damage.
You hit the orc but do no damage.
The orc priest looks braver for a moment.
The orc hits you but does no damage.
You hit the orc priest. You burn the orc priest.
The orc priest is lightly wounded.
You hit the orc but do no damage.
The orc flickers and vanishes!
Deactivating autopickup; reactivate with Ctrl-A.
The orc priest invokes the aid of Beogh against you.
Beogh smites you!
* * * LOW HITPOINT WARNING * * *
Something hits you but does no damage.
You hit the orc priest.
The orc priest is heavily wounded.
Your plate armour prevents you from hitting something.
The orc priest invokes the aid of Beogh against you.
Beogh smites you!
You die...
Xom chortles!

*,,******,**,*****
#...,,,,,,,,,,,,,,
#..#***,,,,,,****,
#..# *,,***,** **
#..# *,,**,,,**
#..# *,,*,,*,,***
#o.# *,,,,***,,,,
#o.#####.#.,*,,**,
#@.........,,,***,
#{######.##******,
#†.# *,,,,,,,,,,
##.# ***********
#.# #.# #.#
#.############
#............####


You could see 2 orc priests.

Vanquished Creatures
  Natasha (D:3)
  2 adders (D:2)
  A dart slug (D:2)
  5 orcs (D:3)
  2 ball pythons
  2 giant cockroaches
  5 goblins
  3 hobgoblins (D:1)
  4 jackals (D:3)
  2 kobolds (D:2)
  5 bats
  3 frilled lizards
  4 rats
39 creatures vanquished.

Notes
Turn   | Place    | Note
-------+----------+-------------------------------------------
     0 | D:1      | AlphabetPasta the Mummy Chaos Knight began the quest for the Orb.
     0 | D:1      | Reached XP level 1. HP: 18/18 MP: 1/1
    37 | D:1      | XOM: divination: detect items
   177 | D:1      | XOM: divination: detect items
   209 | D:1      | XOM: divination: detect items
   247 | D:1      | Reached XP level 2. HP: 24/24 MP: 2/2
   313 | D:1      | XOM is BORED!
   313 | D:1      | XOM: harmless Divn miscast
   364 | D:1      | XOM: divination: detect items
   675 | D:1      | XOM: mild Erth miscast
   776 | D:2      | XOM: god gift: 17 bolts
   786 | D:2      | Reached skill level 1 in Dodging
   896 | D:2      | XOM: confusion (+ monsters)
   910 | D:2      | Reached XP level 3. HP: 25/29 MP: 3/3
   994 | D:2      | XOM: god gift: 730 gold pieces
  1253 | D:2      | Found a glowing silver altar of Zin.
  1380 | D:3      | Found a radiant altar of Vehumet.
  1404 | D:3      | XOM: noise
  1485 | D:3      | Noticed Natasha
  1485 | D:3      | XOM: harmless Erth miscast
  1502 | D:3      | Killed Natasha
  1502 | D:3      | Reached XP level 4. HP: 7/35 MP: 4/4
  1872 | D:3      | XOM: divination: magic mapping
  1874 | D:3      | XOM: noise
  1889 | D:3      | Killed from afar by an orc priest

Vault maps used:
D:1:      minmay_arrival_shattered_statue
D:2:      lemuel_doored_altar, serial_bayou_pond_b
D:3:      lemuel_round_altar, kennysheep_cluttered_room, grunt_decor_resistance,
          uniq_natasha

Skill      XL: |  1  2  3 |
---------------+----------+-----
Axes           | 3 |  3.4
Dodging        | 1 |  1.4
Armour         | 2 |  2.1
Fighting       | |  3.5

Action                   |  1- 3 |  4- 6 || total
-------------------------+-------+-------++-------
Melee: Hand axe          |   104 |    30 ||   134
  Use: Scroll            |     3 |       ||     3
 Stab: Confused          |       |     1 ||     1
Armor: Plate armour      |    79 |    22 ||   101
       Leather armour    |     5 |       ||     5
Dodge: Dodged            |    34 |     6 ||    40
